 Dungeon Crawl Stone Soup version 0.30.1-11-g7821555f0a (webtiles) character file.

Game seed: 4706070888393139265

132637 Cheops the Impaler (level 17, -2/120 HPs)
             Began as a Merfolk Ice Elementalist on Nov 11, 2023.
             Was the Champion of the Shining One.
             Slain by a bunyip (18 damage)
             ... on level 3 of the Swamp.
             The game lasted 02:38:35 (44856 turns).

Cheops the Impaler (Merfolk Ice Elementalist)      Turns: 44856, Time: 02:38:35

Health: -2/120     AC: 27    Str: 21    XL:     17   Next: 13%
Magic:  29/29      EV: 17    Int: 16    God:    the Shining One [******]
Gold:   803        SH:  0    Dex: 14    Spells: 10/32 levels left

rFire   . . .        b - +4 trishula (holy)
rCold   + + +        (no shield)
rNeg    + + +        q - +10 plate armour of the Cartwright {Str+4}
rPois   .            O - +0 mask of the Dragon {Will+ Slay+3 SInv}
rElec   .            K - scarf {rC+ rF+}
rCorr   +            y - +3 pair of gloves of Plasticity {rC+}
SInv    +            (no boots)
Will    ++...        C - macabre finger necklace {Finger+ rN+} Stlth
                     s - ring of the Growing Saviour {Ice Str+2}
HPRegen 0.40/turn    n - ring of the Hare {EV+10}
MPRegen 0.21/turn    W - ring of Qemue {Wiz rCorr Stlth+}

%: wizardry (x1)
@: marked, slowed, glowing, studying Axes, very slow
A: (nimble swimmer 2), mertail
a: Renounce Religion, Divine Shield, Cleansing Flame, Summon Divine Warrior


You were on level 3 of the Swamp.
You worshipped the Shining One.
The Shining One was exalted by your worship.
You visited 4 branches of the dungeon, and saw 24 of its levels.
You also visited: Ossuary and Gauntlet.

You collected 2211 gold pieces.
You spent 1408 gold pieces at shops.

Inventory:

Hand Weapons
 a - a +8 halberd of venom
 b - a +4 trishula of holy wrath (weapon)
 c - a +5 trident
 S - the +1 glaive "Poiryd" {freeze, Fly}
   (You found it in a Gauntlet)

   Fly:       It grants you flight.
Armour
 e - a +2 robe of the Archmagi
 q - the +10 plate armour of the Cartwright (worn) {Str+4}
   (You took it off a minotaur in a Gauntlet)

   Str:       It affects your strength (+4).
 y - the +3 pair of gloves of Plasticity (worn) {rC+}
   (You found it in a Gauntlet)

   rC:        It protects you from cold.
 K - a scarf of resistance (worn)
 O - the +0 mask of the Dragon (worn) {Will+ Slay+3 SInv}
   (You acquired it on level 6 of the Dungeon)

   Slay:      It affects your accuracy & damage with ranged weapons and melee
   (+3).
   SInv:      It lets you see invisible.
   Will:      It increases your willpower.
 Q - a +2 plate armour of poison resistance
 T - +0 acid dragon scales
 U - the +1 cloak of the Equinox {rPois Str+4}
   (You acquired it on level 5 of the Lair of Beasts)

   Str:       It affects your strength (+4).
   rPois:     It protects you from poison.
Jewellery
 n - the ring of the Hare (right hand) {EV+10}
   (You bought it in a shop on level 8 of the Dungeon)

   [ring of evasion]

   EV:        It affects your evasion (+10).
 p - a +4 ring of protection
 r - a ring of protection from cold
 s - the ring of the Growing Saviour (left hand) {Ice Str+2}
   (You took it off a minotaur in a Gauntlet)

   [ring of ice]

   It enhances your ice magic.
   Str:       It affects your strength (+2).
   rF:        It makes you vulnerable to fire.
   rC:        It protects you from cold.
 B - a ring of magical power
 C - the macabre finger necklace (around neck) {Finger+ rN+}
   (You found it in a Gauntlet)

   [amulet of nothing]

   Finger+:   It enables you to equip an extra ring.
   rN:        It protects you from negative energy.
 G - a ring of protection from fire
 I - an amulet of magic regeneration
 L - an amulet of reflection
 W - the ring of Qemue (on amulet) {Wiz rCorr Stlth+}
   (You found it on level 12 of the Dungeon)

   [ring of wizardry]

   It improves your spell success rate.
   rCorr:     It protects you from acid and corrosion.
   Stlth:     It makes you more stealthy.
 Y - a +4 ring of slaying
Wands
 d - a wand of roots (22)
 t - a wand of flame (12)
 A - a wand of digging (3)
 J - a wand of polymorph (20)
 N - a wand of mindburst (19)
 R - a wand of charming (26)
 V - a wand of light (30)
Scrolls
 g - 8 scrolls of magic mapping
 k - a scroll of blinking
 m - 3 scrolls of fog
 o - 3 scrolls of fear
 v - 6 scrolls of teleportation
 w - 4 scrolls of enchant armour
 D - 5 scrolls of poison
 E - 3 scrolls of butterflies
Potions
 f - 6 potions of mutation
 h - 3 potions of heal wounds
 i - 6 potions of flight
 j - 14 potions of curing
 l - 7 potions of might
 u - a potion of lignification
 x - 3 potions of ambrosia
 z - 4 potions of haste
 F - 9 potions of brilliance
 H - a potion of resistance
 M - 7 potions of cancellation
 P - 6 potions of magic
 X - 4 potions of attraction
 Z - 2 potions of berserk rage


   Skills:
 - Level 7.1 Fighting
 - Level 16.0 Polearms
 - Level 7.1 Armour
 - Level 2.6 Dodging
 - Level 2.1 Stealth
 - Level 8.2 Spellcasting
 - Level 8.0 Conjurations
 + Level 9.5 Summonings
 - Level 8.3 Transmutations
 - Level 12.0 Ice Magic
 - Level 8.0 Air Magic
 - Level 8.0 Earth Magic
 - Level 9.1 Invocations
 - Level 6.3 Evocations


You had 10 spell levels left.
You knew the following spells:

 Your Spells              Type           Power      Damage    Failure   Level
a - Freeze                Ice            100%       1d10      1%          1
f - Freezing Cloud        Conj/Ice/Air   26%        6-21      43%         5
r - Frozen Ramparts       Ice            100%       1d16      1%          3
w - Wereblood             Tmut           33%        N/A       4%          2
A - Animate Armour        Summ/Erth      68%        N/A       22%         4
I - Summon Ice Beast      Ice/Summ       57%        N/A       10%         4
Z - Ozocubu's Armour      Ice            61%        N/A       1%          3

Your spell library contained the following spells:

 Spells                   Type           Power      Damage    Failure   Level
 Beastly Appendage        Tmut           66%        N/A       2%          1
 Shock                    Conj/Air       100%       1d9       3%          1
 Cigotuvi's Dreadful Rot  Necr/Pois/Air  30%        N/A       38%         2
 Spider Form              Tmut/Pois      19%        N/A       41%         3
 Dazzling Flash           Conj/Hex       38%        N/A       43%         3
 Ignite Poison            Fire/Tmut/Pois 15%        N/A       58%         3
 Necrotise                Necr           24%        1d5       61%         1
 Blink                    Tloc           12%        N/A       75%         2
 Lesser Beckoning         Tloc           12%        N/A       75%         2
 Sublimation of Blood     Necr           6%         N/A       75%         2
 Gell's Gravitas          Tloc           6%         N/A       91%         3
 Teleport Other           Tloc           6%         N/A       91%         3
 Vampiric Draining        Necr           6%         2d6       91%         3
 Silence                  Hex/Air        9%         N/A       98%         5
 Iron Shot                Conj/Erth      16%        9d4       99%         6
 Manifold Assault         Tloc           6%         N/A       100%        4
 Passage of Golubria      Tloc           6%         N/A       100%        4
 Agony                    Necr           6%         N/A       100%        5
 Storm Form               Tmut/Air       16%        N/A       100%        7
 Summon Hydra             Summ           18%        N/A       100%        7
 Chain Lightning          Conj/Air       16%        3d21      100%        9


Dungeon Overview and Level Annotations

Branches:
Dungeon (15/15)            Temple (1/1) D:7            Lair (5/5) D:9
  Swamp (3/4) Lair:3       Spider (0/4) Lair:2        Slime (0/5) Lair:5
    Orc (0/2) D:12         Vaults (0/5) D:14         Depths (0/4) D:15
Ossuary (visited)         Gauntlet (visited)

Altars:
Ashenzari
Cheibriados
Dithmenos
Elyvilon
Fedhas
Gozag
Hepliaklqana
Kikubaaqudgha
Makhleb
Nemelex Xobeh
Okawaru
Qazlal
Ru
Sif Muna
Trog
Uskayaw
Vehumet
Wu Jian
Xom
Yredelemnul
Zin
The Shining One

Shops:
D:8 =


Innate Abilities, Weirdness & Mutations

((You are very nimble when in or above water. (Stealth+, EV+, Speed+++)))
Your lower body shifts to a powerful aquatic tail in water.


Message History

A vampire mosquito comes into view.
Your legs become a tail as you enter the water.
A vampire mosquito comes into view.
The spriggan rider throws a curare-tipped dart.
The curare-tipped dart completely misses you.
The spriggan rider throws a curare-tipped dart.
The curare-tipped dart hits you.
You are poisoned.
You have difficulty breathing.
* * * LOW HITPOINT WARNING * * *
You feel yourself slow down.
You feel very sick.
You feel sick.
The spriggan rider throws a curare-tipped dart.
The curare-tipped dart closely misses you.
You feel sick.
The vampire mosquito bites you but does no damage.
You feel very sick. The vampire mosquito barely misses you.
The vampire mosquito bites you but does no damage.
The vampire mosquito attacks as you move away!
The vampire mosquito misses you.
You feel sick.
The vampire mosquito bites you but does no damage.
Your legs become a tail as you enter the water.
You feel sick.
The bunyip howls a warning cry!
The vampire mosquito closely misses you.
The vampire mosquito attacks as you move away!
The vampire mosquito bites you!
* * * LOW HITPOINT WARNING * * *
You feel sick.
The spriggan rider hits you but does no damage.
There is a stone staircase leading up here.
You feel sick.
You are no longer poisoned.
The spriggan rider hits you from afar with a +0 spear!
* * * LOW HITPOINT WARNING * * *
The bunyip claws you but does no damage.
The bunyip closely misses you. The bunyip claws you!!
You die...

♣♣.~~~~.>....
♣♣♣♣♣.~~~§~<..~~~
~..~.~i.~~....§~~
♣.~.~......♣♣.§~§
♣~~~.~..♣♣ .§~~
♣♣♣♣iy♣♣♣ ~..
♣♣♣♣~.xi.♣♣ ..~
♣♣)♣♣~~~~~.♣ ♣♣
♣~@♣♣♣y~~§~♣
♣.~xix..†..♣
♣~~~ii♣♣♣..♣
♣?.~.♣♣ ♣♣♣♣
♣..~~~♣ ♣♣♣~~.♣
♣~.♣♣ ♣♣♣♣


You could see 2 bunyips and 3 spriggan riders.

Vanquished Creatures
  A thorn hunter (Swamp:1)
  Azrael (D:12)
  A dire elephant (Lair:3)
  4 eleionomae
  A bunyip (Swamp:1)
  A minotaur (Gauntlet)
  Snorg (Lair:2)
  Josephine (Lair:3)
  An entropy weaver (shapeshifter) (D:13)
  An ice dragon (Swamp:1)
  4 vault guards (D:14)
  2 ghost crabs
  8 alligators
  A death knight (D:15)
  2 hydras
  A boulder beetle (D:12)
  2 centaur warriors
  11 death yaks
  A dancing weapon (Lair:1)
  6 two-headed ogres
  A vampire mage (D:15)
  A spriggan berserker (Lair:4)
  A storm dragon zombie (D:15)
  A skyshark (Lair:3)
  A pharaoh ant (Lair:1)
  3 skeletal warriors
  A goliath frog (Swamp:1)
  2 swamp dragons (Lair:3)
  A wizard (D:14)
  4 bog bodies
  A spriggan druid (Swamp:2)
  An obsidian statue (Gauntlet)
  An orc knight (D:15)
  A deep elf pyromancer (D:15)
  A necromancer (D:15)
  2 wolf spiders (Lair:5)
  A fire giant zombie (D:15)
  9 ugly things
  2 cyclopes
  28 elephants
  A moth of wrath (Lair:4)
  13 black mambas
  3 manticores
  A guardian serpent (Lair:5)
  10 cane toads
  Maggie (D:6)
  A gargoyle (D:11)
  2 torpor snails
  3 unseen horrors
  2 yaktaurs (D:14)
  A freezing wraith (D:13)
  7 komodo dragons
  3 rime drakes
  A tengu conjurer (D:13)
  3 meliai (D:15)
  6 trolls
  A tarantella (Lair:2)
  11 polar bears
  6 tyrant leeches
  25 blink frogs
  11 hornets
  6 dream sheep (Lair:5)
  3 raiju (Lair:5)
  Prince Ribbit (D:6)
  An ettin zombie (D:15)
  3 slime creatures
  2 shadows (Gauntlet)
  22 spriggans
  55 yaks
  2 nameless horrors
  19 wyverns
  An ettin skeleton (D:15)
  8 wraiths
  2 chaos spawn (Gauntlet)
  3 fire bats (Lair:1)
  2 fire elementals (D:12)
  20 humans
  A steam dragon (D:9)
  5 basilisks
  2 redbacks
  13 vampire mosquitoes
  4 wargs (Lair:5)
  10 swamp worms
  An acid dragon (D:10)
  22 water moccasins
  Duvessa (D:7)
  A floating eye (shapeshifter) (D:14)
  17 hell hounds
  3 ice beasts
  8 orc warriors
  17 black bears
  4 sky beasts
  33 wolves
  7 centaurs
  A phantom (D:5)
  A kobold brigand (D:10)
  19 bullfrogs
  8 scorpions
  2 gnoll sergeants (D:8)
  3 earth elementals (Swamp:1)
  16 wights
  7 killer bees
  3 howler monkeys
  3 electric eels
  2 centaur zombies (Ossuary)
  2 human zombies (Ossuary)
  6 orc priests
  A gnoll bouda (D:7)
  7 hounds
  3 jellies (D:7)
  5 sleepcaps
  2 iguanas
  2 scorpion zombies (Ossuary)
  Natasha (thrice) (D:2)
  15 orc wizards
  5 hell rats (Lair:1)
  Robin (D:2)
  9 gnolls
  4 adders
  A shadow imp (D:6)
  A white imp (D:8)
  2 ufetubi
  6 worms
  A dart slug (D:3)
  53 orcs
  4 bats
  5 endoplasms
  4 giant cockroaches
  A gnoll zombie (Ossuary)
  9 hobgoblins
  6 jackals
  18 kobolds
  4 quokkas
  5 ball pythons (D:1)
  4 frilled lizards
  17 goblins
  2 hobgoblin zombies (Ossuary)
  A kobold zombie (Ossuary)
  2 orc zombies (Ossuary)
  2 quokka zombies (D:6)
  10 rats
813 creatures vanquished.

Vanquished Creatures (collateral kills)
  2 acid blobs (Lair:5)
  A reaper (Lair:1)
  The ghost of Ziam the Basher, a journeyman GrBe of Trog (Lair:4)
  The ghost of kamileon1 the Thaumaturge, a journeyman VSHW of Vehumet (Lair:1)
  A spriggan (Lair:4)
  A moth of wrath (Lair:4)
  Grinder (D:6)
  2 hornets
  A yak (D:8)
  A neqoxec (Gauntlet)
  A kobold brigand (D:8)
  A wight (D:8)
  Dowan (D:7)
  A hound (D:7)
  A human zombie (Ossuary)
  3 mummies (Ossuary)
  A white imp (D:7)
  A gnoll zombie (Ossuary)
  A hobgoblin zombie (Ossuary)
  2 kobold zombies (Ossuary)
25 creatures vanquished.

Vanquished Creatures (others)
  3 bloated husks (Swamp:1)
3 creatures vanquished.

Grand Total: 841 creatures vanquished

Notes
Turn   | Place    | Note
-------+----------+-------------------------------------------
     0 | D:1      | Cheops the Merfolk Ice Elementalist began the quest for the
                  | Orb.
     0 | D:1      | Reached XP level 1. HP: 13/13 MP: 3/3
   188 | D:1      | Reached XP level 2. HP: 18/19 MP: 3/5
   467 | D:1      | Reached XP level 3. HP: 20/24 MP: 4/7
   745 | D:1      | Found a faded altar of an unknown god.
  1003 | D:1      | Reached skill level 5 in Ice Magic
  1237 | D:1      | Learned a level 3 spell: Frozen Ramparts
  1241 | D:1      | Learned a level 3 spell: Ozocubu's Armour
  1300 | D:2      | Noticed Robin
  1326 | D:2      | Reached XP level 4. HP: 15/30 MP: 0/8
  1327 | D:2      | Killed Robin
  1470 | D:2      | Noticed Natasha
  1675 | D:3      | Found a burning altar of Makhleb.
  2535 | D:2      | Reached XP level 5. HP: 35/35 MP: 4/9
  2721 | D:2      | Killed Natasha
  2792 | D:2      | Noticed Natasha
  2800 | D:2      | Killed Natasha
  2876 | D:2      | Noticed Natasha
  2890 | D:2      | Killed Natasha
  3213 | D:4      | Reached XP level 6. HP: 32/41 MP: 2/10
  3327 | D:4      | Found a snail-covered altar of Cheibriados.
  4289 | D:5      | Entered Level 5 of the Dungeon
  4544 | D:5      | Reached XP level 7. HP: 46/46 MP: 5/11
  5053 | D:5      | Found an ornate altar of the Wu Jian Council.
  5054 | D:5      | Found a blossoming altar of Fedhas.
  5803 | D:6      | Reached skill level 10 in Ice Magic
  5870 | D:6      | Reached XP level 8. HP: 52/52 MP: 4/12
  6039 | D:6      | Found a sand-covered staircase.
  6058 | D:6      | Learned a level 4 spell: Summon Ice Beast
  6064 | Ossuary  | Entered an ossuary
  6269 | Ossuary  | Reached skill level 1 in Summonings
  6649 | Ossuary  | Reached skill level 5 in Summonings
  6712 | Ossuary  | Reached XP level 9. HP: 45/57 MP: 5/13
  7013 | D:6      | Noticed Prince Ribbit
  7039 | D:6      | Killed Prince Ribbit
  7118 | D:6      | Found a sparkling altar of Nemelex Xobeh.
  7135 | D:6      | Noticed Grinder
  7146 | D:6      | Noticed Maggie
  7321 | D:6      | Killed Maggie
  7695 | D:6      | Killed Grinder
  7696 | D:6      | Reached skill level 3 in Polearms
  8019 | D:7      | Noticed a hornet
  8029 | D:7      | Killed a hornet
  8030 | D:7      | Reached skill level 4 in Polearms
  8031 | D:7      | Reached skill level 5 in Polearms
  8033 | D:7      | Reached skill level 6 in Polearms
  8121 | D:7      | Identified the +2 shortbow of Beogh's Hope {speed, Str+4
                  | Int-3}
  8159 | D:7      | Reached skill level 7 in Polearms
  8160 | D:7      | Reached XP level 10. HP: 63/63 MP: 10/14
  8216 | D:7      | Reached skill level 8 in Polearms
  8391 | D:7      | Noticed a purple ugly thing
  8399 | D:7      | Killed a purple ugly thing
  8400 | D:7      | Reached skill level 9 in Polearms
  8417 | D:7      | Killed an unseen horror
  8418 | D:7      | Reached skill level 10 in Polearms
  8421 | D:7      | Noticed a skeletal warrior
  8573 | D:7      | Noticed Duvessa
  8582 | D:7      | Noticed Dowan
  8586 | D:7      | Killed Duvessa
  8595 | D:7      | Killed Dowan
  8727 | D:6      | Identified a scroll of acquirement
  8728 | D:6      | Acquired the +0 mask of the Dragon {Will+ Slay+3 SInv}
  8728 | D:6      | Found the +0 mask of the Dragon {Will+ Slay+3 SInv}
  8947 | D:8      | Identified the +1 leather armour of Integrity {Harm Fly}
  9017 | D:8      | Reached skill level 11 in Polearms
  9229 | D:8      | Noticed a two-headed ogre
  9243 | D:8      | Killed a two-headed ogre
  9365 | D:8      | Found Ohenniu's Jewellery Boutique.
  9381 | D:8      | Reached skill level 12 in Polearms
  9559 | D:8      | Reached skill level 13 in Polearms
  9580 | D:8      | Reached XP level 11. HP: 40/68 MP: 3/15
 10082 | D:8      | Reached skill level 14 in Polearms
 10612 | D:7      | Killed a skeletal warrior
 11034 | D:7      | Reached skill level 15 in Polearms
 11116 | D:7      | Identified the +8 flail "Ylyxiav" {flame, rF+ MP+9 SInv}
 11590 | D:7      | Found a staircase to the Ecumenical Temple.
 11745 | Temple   | Entered the Ecumenical Temple
 11752 | Temple   | Became a worshipper of the Shining One
 12000 | D:7      | Got the Directory of Terra Firma and Hurting
 12027 | D:7      | Reached skill level 16 in Polearms
 12028 | D:7      | Identified the +2 dagger "Zimexuwk" {distort, rC+ Str+3}
 12314 | D:7      | Learned a level 5 spell: Freezing Cloud
 12795 | D:1      | Found a faded altar of an unknown god.
 13832 | D:3      | Found a burning altar of Makhleb.
 14168 | D:4      | Found a snail-covered altar of Cheibriados.
 15030 | D:5      | Found a blossoming altar of Fedhas.
 15031 | D:5      | Found an ornate altar of the Wu Jian Council.
 15789 | D:6      | Found a sparkling altar of Nemelex Xobeh.
 16394 | D:7      | Found a staircase to the Ecumenical Temple.
 17623 | D:8      | Found Ohenniu's Jewellery Boutique.
 18109 | D:9      | Reached skill level 1 in Air Magic
 18168 | D:9      | Found a staircase to the Lair.
 18176 | D:9      | Reached skill level 1 in Conjurations
 18201 | D:9      | Noticed a two-headed ogre
 18208 | D:9      | Killed a two-headed ogre
 18466 | D:9      | Found a basalt altar of Yredelemnul.
 18646 | D:9      | Found a shadowy altar of Dithmenos.
 18849 | D:10     | Entered Level 10 of the Dungeon
 19047 | D:10     | Noticed a centaur warrior
 19057 | D:10     | Killed a centaur warrior
 19407 | D:10     | Reached XP level 12. HP: 64/74 MP: 12/16
 19490 | D:10     | Noticed a two-headed ogre
 19505 | D:10     | Killed a two-headed ogre
 19785 | D:11     | Noticed a two-headed ogre
 19792 | D:11     | Killed a two-headed ogre
 20122 | D:11     | Reached skill level 5 in Conjurations
 20122 | D:11     | Reached skill level 5 in Air Magic
 20276 | D:11     | Noticed a two-headed ogre
 20286 | D:11     | Killed a two-headed ogre
 20559 | D:11     | Noticed a two-headed ogre
 20570 | D:11     | Killed a two-headed ogre
 20692 | D:11     | Found a snail-covered altar of Cheibriados.
 21011 | D:12     | Noticed Azrael
 21017 | D:12     | Reached * piety under the Shining One
 21247 | Lair:1   | Entered Level 1 of the Lair of Beasts
 21589 | Lair:1   | Found a runed translucent door.
 21589 | Lair:1   | Found a shimmering altar of Xom.
 21589 | Lair:1   | Noticed kamileon1's ghost (journeyman VSHW)
 21848 | Lair:1   | Found a runed translucent door.
 21851 | Lair:1   | Noticed a reaper
 21960 | Lair:1   | Reached ** piety under the Shining One
 21969 | Lair:1   | Reached XP level 13. HP: 68/79 MP: 13/17
 22452 | Lair:1   | Learned a level 2 spell: Wereblood
 22528 | Lair:2   | Identified the +6 flail of Risk Management {holy, rCorr
                  | Stlth+}
 22531 | Lair:2   | Found a hole to the Spider Nest.
 23539 | Lair:3   | Noticed Snorg
 23778 | Lair:2   | Found a hole to the Spider Nest.
 23813 | Lair:2   | Killed Snorg
 24548 | Lair:3   | Reached skill level 1 in Fighting
 25004 | Lair:3   | Noticed Josephine
 25023 | Lair:3   | Killed Josephine
 25024 | Lair:3   | Reached skill level 5 in Fighting
 25085 | Lair:3   | Reached *** piety under the Shining One
 25088 | Lair:3   | Noticed a dire elephant
 25302 | Lair:3   | Found a staircase to the Swamp.
 25725 | Lair:3   | Identified the orb of the Catfish {*channel, SInv}
 26274 | Lair:2   | Found a hole to the Spider Nest.
 26508 | Lair:2   | Reached skill level 1 in Invocations
 26523 | Lair:2   | Reached skill level 1 in Evocations
 27108 | Lair:3   | Killed a dire elephant
 27323 | Lair:3   | Reached XP level 14. HP: 92/103 MP: 18/18
 27749 | Lair:3   | Reached skill level 5 in Invocations
 28377 | Lair:3   | Found a staircase to the Swamp.
 28798 | Lair:4   | Found a transporter.
 28911 | Lair:4   | Noticed Ziam's ghost (journeyman GrBe)
 28920 | Lair:4   | Found a bloodstained altar of Trog.
 28921 | Lair:4   | Found a transporter.
 30321 | Lair:5   | Entered Level 5 of the Lair of Beasts
 30376 | Lair:5   | Reached **** piety under the Shining One
 30386 | Lair:5   | Reached skill level 5 in Evocations
 30421 | Lair:5   | Found a gate leading to a gauntlet.
 30486 | Gauntlet | Entered a Gauntlet
 30486 | Gauntlet | Found a transporter.
 30652 | Gauntlet | Found a transporter.
 30667 | Gauntlet | Found a transporter.
 30672 | Gauntlet | Found a transporter.
 30687 | Gauntlet | Found a transporter.
 30706 | Gauntlet | Found a transporter.
 30717 | Gauntlet | Reached ***** piety under the Shining One
 30718 | Gauntlet | Found a transporter.
 30730 | Gauntlet | Found a transporter.
 30742 | Gauntlet | Found a transporter.
 30754 | Gauntlet | Found a transporter.
 30773 | Gauntlet | Found a transporter.
 30788 | Gauntlet | Found a transporter.
 30790 | Gauntlet | Found a transporter.
 30814 | Gauntlet | Found the macabre finger necklace {Finger+ rN+}
 30815 | Gauntlet | Found a transporter.
 30817 | Gauntlet | Found a transporter.
 30837 | Gauntlet | Found a transporter.
 30915 | Gauntlet | Found a transporter.
 30935 | Gauntlet | Found a transporter.
 31180 | Gauntlet | Identified the +1 glaive "Poiryd" {freeze, Fly}
 31466 | Gauntlet | Identified the +3 pair of gloves of Plasticity {rC+}
 31493 | Gauntlet | Identified the +10 plate armour of the Cartwright {Str+4}
 31493 | Gauntlet | Identified the ring of the Growing Saviour {Ice Str+2}
 31526 | Gauntlet | Got the Atlas of the Collective Blink Frog
 31616 | Lair:5   | Reached skill level 1 in Armour
 31942 | Lair:5   | Found the +6 arbalest "Damnation" {damnation}
 32385 | Lair:5   | Reached XP level 15. HP: 77/108 MP: 15/21
 32581 | Lair:5   | Reached skill level 5 in Armour
 32938 | Lair:5   | Found a runed translucent door.
 32938 | Lair:5   | Noticed an acid blob
 33882 | Lair:5   | Acquired the +1 cloak of the Equinox {rPois Str+4}
 34458 | Lair:5   | Reached skill level 5 in Spellcasting
 34610 | Lair:5   | Reached ****** piety under the Shining One
 35003 | Lair:5   | Noticed an acid blob
 35005 | Lair:5   | Found a staircase to the Slime Pits.
 35052 | Lair:5   | Killed an acid blob
 35056 | Lair:5   | Killed an acid blob
 35367 | D:8      | Bought the ring of the Hare {EV+10} for 1408 gold pieces
 35367 | D:8      | Found the ring of the Hare {EV+10}
 35546 | D:12     | Identified the ring of Qemue {Wiz rCorr Stlth+}
 36116 | D:12     | Found a staircase to the Orcish Mines.
 36131 | D:12     | Killed Azrael
 36399 | D:13     | Reached skill level 1 in Transmutations
 36546 | D:13     | Reached XP level 16. HP: 96/115 MP: 28/28
 37802 | D:14     | Reached skill level 5 in Transmutations
 37956 | D:14     | Found a gate to the Vaults.
 38581 | D:14     | Learned a level 4 spell: Animate Armour
 38610 | D:15     | Entered Level 15 of the Dungeon
 38817 | D:15     | Reached skill level 1 in Earth Magic
 38926 | D:15     | Found a glowing golden altar of the Shining One.
 39271 | D:15     | Found a staircase to the Depths.
 39478 | D:15     | Found a staircase to the Depths.
 40081 | D:15     | Found a glowing golden altar of the Shining One.
 40605 | Lair:1   | Killed kamileon1's ghost
 40929 | Lair:4   | Killed Ziam's ghost
 41231 | Lair:4   | Reached skill level 5 in Earth Magic
 41274 | Lair:4   | Identified a +4 trishula of holy wrath (a +2 antimagic
                  | demon trident blessed by the Shining One)
 41274 | Lair:4   | Received a gift from the Shining One
 41369 | Swamp:1  | Entered Level 1 of the Swamp
 42601 | Swamp:1  | Noticed a thorn hunter
 42610 | Swamp:1  | Killed a thorn hunter
 43652 | Swamp:2  | Paralysed by a hornet for 2 turns
 43780 | Swamp:2  | Found a frozen archway.
 44046 | Swamp:2  | Reached XP level 17. HP: 114/120 MP: 29/29
 44856 | Swamp:3  | Slain by a bunyip

Illustrated notes

Levels and vault maps discovered:
D:1:      dpeg_arrival_prison, layout_loops_ring, nicolae_ecumenical_lake_church
D:2:      layout_rooms, serial_rivers, chequers_serial_rivers_large_b,
          chequers_serial_rivers_small_a, chequers_serial_rivers_micro_c,
          chequers_serial_rivers_large_a, chequers_serial_rivers_room_a,
          chequers_serial_rivers_room_b, kennysheep_potato, uniq_natasha,
          uniq_robin
D:3:      layout_loops_cross, bloody_makhleb
D:4:      layout_basic, mainiacjoe_overflow_alcove_1
D:5:      layout_layer_cave, mainiacjoe_overflow_divided_tiny
D:6:      layout_loops_ring, lemuel_crystal_altar, enter_ossuary_4,
          uniq_prince_ribbit1, uniq_grinder, uniq_maggie
D:7:      minmay_the_grid_octo_tiled_octocenter [minmay_the_grid_octo_focus,
          minmay_the_grid_octo_tetromino_candy, minmay_the_grid_octo_clover,
          minmay_the_grid_octo_toaster,
          minmay_the_grid_octo_prize_single_spiral,
          minmay_the_grid_square_5x5_inner_i, minmay_the_grid_square_5x5_inset,
          minmay_the_grid_square_5x5_forky,
          minmay_the_grid_square_5x5_sharp_hourglass], layout_basic,
          uniq_duvessa
D:8:      layout_gridville, serial_shops, nicolae_shop_pleasant_corner_grove
D:9:      layout_rooms, mainiacjoe_overflow_surrounded_room, old_standard_altar,
          david_lair_generic, lightli_orcish_oven
D:10:     layout_rooms, minmay_misc_feat_ornament
D:11:     layout_irregular_city, cheibrodos_worm_habitat
D:12:     kb_forest_paths, layout_loops_cross, chequers_mini_garden, uniq_azrael
D:13:     nicolae_hitomezashi [nicolae_hito_row, nicolae_hito_row,
          nicolae_hito_row, nicolae_hito_row, nicolae_hito_row,
          nicolae_hito_row, nicolae_hito_row, nicolae_hito_row,
          nicolae_hito_row, nicolae_hito_row, nicolae_hito_row,
          nicolae_hito_row, nicolae_hito_row, nicolae_hito_row,
          nicolae_hito_row, nicolae_hito_row, nicolae_hito_row,
          nicolae_hito_row], layout_grid_maze, kennysheep_generic_room_14
D:14:     layout_long_grid, grunt_vaults_entry_tiered
D:15:     gammafunk_depths_entry_grave, layout_basic, minmay_misc_feat_tower,
          nicolae_tso_carved_into_rock
Temple:   nicolae_temple_no_exploring_needed
Lair:1:   layout_chaotic_city, ebering_ghost_xom, nicolae_volcano_entry_batcave,
          pdpol_lair_cabin_in_the_woods, serial_bayou_shore_a,
          infiniplex_staircase_pool_2
Lair:2:   layout_hall_layers, nicolae_spider_entry_lesser_pyramids,
          nicolae_quartered_pool_super, grunt_megastairs_5
Lair:3:   mu_elephants_graveyard, layout_regular_city,
          nicolae_swamp_entry_splash_gauntlet, lemuel_fruit_tree,
          infiniplex_staircase_pool, serial_bayou_shore_b, uniq_snorg,
          uniq_josephine
Lair:4:   layout_regular_city, gammafunk_ghost_wrathful_warriors,
          grunt_forest_stairs_clearing
Lair:5:   hangedman_lair_caniforms_friends, layout_regular_city,
          hangedman_lair_tendril_chambers, slime_entry_2,
          gauntlet_entry_generic, eino_small_chamber_without_monster
Swamp:1:  layout_basic_swamp, evilmike_swamp_ruin_house_2, swamp_pool1,
          nzn_swamp_blast_mining
Swamp:2:  layout_basic_swamp, portal_ice_cave_entry_dragon,
          nicolae_swamp_little_tower, swamp_pool1
Swamp:3:  layout_basic_swamp, nicolae_swamp_long_stream, swamp_pool3,
          grunt_witch_cave

Skill      XL: |  1  2  3  4  5  6  7  8  9 10 11 12 13 14 15 16 17 |
---------------+----------------------------------------------------+-----
Spellcasting   | 3 8 |  8.2
Ice Magic      | 5 6 7 8 10 11 12 | 12.0
Summonings     | 5 8 9 |  9.5
Polearms       | 7 13 16 | 16.0
Air Magic      | 3 7 8 |  8.0
Conjurations   | 3 7 8 |  8.0
Fighting       | 7 |  7.1
Invocations    | 4 9 |  9.1
Evocations     | 2 6 |  6.3
Armour         | 4 7 |  7.1
Transmutations | 3 8 |  8.3
Earth Magic    | 8 |  8.0
Dodging        | |  2.6
Stealth        | |  2.1

Action                     |  1- 3 |  4- 6 |  7- 9 | 10-12 | 13-15 | 16-18 || total
---------------------------+-------+-------+-------+-------+-------+-------++-------
  Melee: Rapier            |     4 |       |       |       |       |       ||     4
         Dagger            |     5 |    14 |   113 |       |       |       ||   132
         Punch             |       |       |     2 |     4 |       |     1 ||     7
         Halberd           |       |       |    30 |   223 |   943 |   429 ||  1625
         Trident           |       |       |    26 |   170 |       |       ||   196
         Tailslap          |       |       |       |     1 |       |    29 ||    30
         Trishula          |       |       |       |       |       |    70 ||    70
   Cast: Freeze            |    49 |    92 |    51 |   157 |   185 |    51 ||   585
         Frozen Ramparts   |     1 |    12 |    21 |    48 |    53 |    12 ||   147
         Ozocubu's Armour  |       |       |    14 |    29 |    42 |       ||    85
         Summon Ice Beast  |       |       |    10 |    11 |    10 |    11 ||    42
         Freezing Cloud    |       |       |       |       |     2 |       ||     2
         Wereblood         |       |       |       |       |     3 |     1 ||     4
         Animate Armour    |       |       |       |       |       |     6 ||     6
 Invoke: Divine Shield     |       |       |       |     1 |     4 |     2 ||     7
         Cleansing Flame   |       |       |       |       |     1 |     2 ||     3
         Brand Weapon With |       |       |       |       |       |     1 ||     1
  Evoke: Wand              |       |       |    16 |       |     5 |     2 ||    23
    Use: Scroll            |       |       |    14 |    19 |    18 |     6 ||    57
         Potion            |       |       |       |     1 |     7 |     5 ||    13
   Stab: Sleeping          |       |     2 |     2 |       |       |       ||     4
 Armour: Robe              |     8 |    23 |    90 |   162 |   159 |       ||   442
         Steam dragon scal |       |       |    25 |    32 |       |       ||    57
         Acid dragon scale |       |       |       |       |   136 |       ||   136
         Plate armour      |       |       |       |       |   251 |   273 ||   524
  Dodge: Dodged            |    39 |    36 |   140 |   242 |   579 |   354 ||  1390
  Block: Other             |       |       |     6 |   108 |   223 |     9 ||   346
         Reflection        |       |       |       |     2 |     2 |       ||     4
